 Dungeon Crawl Stone Soup version 0.29.1-12-g30fa7ad0bf (webtiles) character file.

Game seed: 4493138179250984128

9 thatblackman the Grave Robber (level 2, 0/17 HPs)
             Began as a Vampire Necromancer on Dec 27, 2022.
             Succumbed to an adder's poison
             ... on level 3 of the Dungeon.
             The game lasted 00:08:51 (594 turns).

thatblackman the Grave Robber (Vampire Necromancer)  Turns: 594, Time: 00:08:51

Health: 0/17       AC:  5    Str:  7    XL:     2   Next: 6%
Magic:  4/5        EV: 10    Int: 17    God:
Gold:   38         SH:  0    Dex: 14    Spells: 4/5 levels left

rFire   . . .      SeeInvis +   h - +0 hand axe
rCold   . . .      Faith    .   (no shield)
rNeg    . . .      Spirit   .   i - +0 ring mail
rPois   .          Reflect  .   (no helmet)
rElec   .          Harm     .   (no cloak)
rCorr   .          Rampage  .   (no gloves)
Will    .....                   (no boots)
Stlth   ++........              (no amulet)
HPRegen 0.25/turn               (no ring)
MPRegen 0.09/turn               (no ring)

@: lethally poisoned (0 -> -10), healing quickly
A: alive, fangs 3, see invisible, vampiric 1, [frail 1]
a: Exsanguinate


You were on level 3 of the Dungeon.
You visited 1 branch of the dungeon, and saw 3 of its levels.

You collected 38 gold pieces.

Inventory:

Hand Weapons
 c - a +0 whip
 e - a +0 club
 h - a +0 hand axe (weapon)
Missiles
 f - 4 stones
 g - 6 boomerangs (quivered)
Armour
 a - a +0 robe
 d - a +0 barding
 i - a +0 ring mail (worn)
Potions
 b - 3 potions of magic


   Skills:
 + Level 2.2 Dodging
 + Level 3.0 Stealth
 + Level 2.0 Spellcasting
 + Level 4.9 Necromancy


You had 4 spell levels left.
You knew the following spells:

 Your Spells              Type           Power      Damage    Failure   Level
a - Necrotise             Necr           72%        1d7       9%          1

Your spell library contained the following spells:

 Spells                   Type           Power      Damage    Failure   Level
 Vampiric Draining        Necr           18%        2d7       26%         3
 Animate Dead             Necr           18%        N/A       65%         4
 Agony                    Necr           18%        N/A       94%         5


Dungeon Overview and Level Annotations

Branches:
Dungeon (3/15)

Altars:


Innate Abilities, Weirdness & Mutations

Your natural rate of healing is accelerated.
You have razor-sharp teeth.
You have supernaturally acute eyesight. (SInv)
You are afflicted with vampirism.
[You are frail. (-10% HP)]


Message History

Confirm with . or Enter, or press ? or * to list all spells.
You don't know that spell.
The adder bites you but does no damage.
Keep bloodletting? [Y]es or [N]o only, please.
Keep bloodletting?
You stop emptying yourself of blood.
You hit the adder. You bite the adder.
The adder is heavily wounded.
The adder bites you.
You are poisoned.
The adder poisons you! The adder barely misses you.
You hit the adder but do no damage.
The adder is heavily wounded.
You feel sick. The adder bites you but does no damage.
You closely miss the adder.
The adder is heavily wounded.
You feel sick. The adder bites you but does no damage. The adder bites you.
You are lethally poisoned!
The adder poisons you!
You feel sick.
You completely miss the adder.
The adder is heavily wounded.
You feel sick. The adder closely misses you.
The adder bites you but does no damage.
You miss the adder.
The adder is heavily wounded.
* * * LOW HITPOINT WARNING * * *
You feel sick. The adder bites you.
* * * LOW HITPOINT WARNING * * *
You are more poisoned.
The adder poisons you! The adder bites you.
* * * LOW HITPOINT WARNING * * *
Casting: Necrotise (safe; 9% risk of failure)
Confirm with . or Enter, or press ? or * to list all spells.
Aiming: Necrotise (safe; 9% risk of failure)
Press: ? - help, Shift-Dir - straight line, f - adder
Aim: an adder (heavily wounded, chance to affect: 83%)
The adder writhes in agony.
You die...

############
#..........#
#......<...#
#..........#
#......@...#
#......S...#
#..........#
#..........#
#..........#
########.....
.....# ..#.##
#.#.#


You could see an adder.

Vanquished Creatures
  A goblin (D:1)
  A hobgoblin (D:2)
  A kobold (D:2)
  2 ball pythons
  A rat (D:1)
6 creatures vanquished.

Vanquished Creatures (collateral kills)
  A hobgoblin (D:2)
  A kobold (D:1)
2 creatures vanquished.

Vanquished Creatures (others)
  2 fungi (D:1)
2 creatures vanquished.

Grand Total: 10 creatures vanquished

Notes
Turn   | Place    | Note
-------+----------+-------------------------------------------
     0 | D:1      | thatblackman the Vampire Necromancer began the quest for
                  | the Orb.
     0 | D:1      | Reached XP level 1. HP: 13/13 MP: 3/3
   368 | D:2      | Reached XP level 2. HP: 6/17 MP: 1/5
   594 | D:3      | Succumbed to an adder's poison

Illustrated notes

Levels and vault maps discovered:
D:1:      scummos_arrival_checkerplants, layout_loops_corners
D:2:      layout_basic
D:3:      layout_rooms

Action                   || total
-------------------------++-------
Melee: Unarmed           ||     6
       Club              ||     5
       Whip              ||     2
       Hand axe          ||     5
       Bite              ||     1
Throw: Boomerang         ||     2
 Cast: Necrotise         ||     7
 Abil: Exsanguinate      ||     2
       Revivify          ||     1
  Use: Potion            ||     2
       Scroll            ||     1
Armor: Robe              ||     2
       Ring mail         ||     4
Dodge: Dodged            ||    11
